 Dungeon Crawl Stone Soup version 0.31.0-32-g396128a36d (webtiles) character file.

Game seed: 4532390832891974014

1754 Peloso the Carver (level 8, -2/70 HPs)
             Began as a Minotaur Fighter on Apr 9, 2024.
             Slain by a troll (7 damage)
             ... on level 6 of the Dungeon.
             The game lasted 00:11:23 (6613 turns).

Peloso the Carver (Minotaur Fighter)                Turns: 6613, Time: 00:11:24

Health: -2/70      AC: 12    Str: 20    XL:     8   Next: 78%
Magic:  7/7        EV:  9    Int:  5    God:
Gold:   278        SH:  5    Dex: 13    Spells: 7/7 levels left

rFire   . . .        a - +0 long sword
rCold   . . .        d - +0 buckler
rNeg    . . .        c - +0 chain mail
rPois   .            (helmet restricted)
rElec   .            g - +0 cloak {Stlth+}
rCorr   .            p - -2 pair of gloves
SInv    .            f - +0 pair of boots
Will    .....        (no amulet) Stlth
                     (no ring)
HPRegen 0.31/turn    (no ring)
MPRegen 0.10/turn

%: no passive effects
@: no status effects
A: horns 2, retaliatory headbutt
a: no special abilities


You were on level 6 of the Dungeon.
You visited 1 branch of the dungeon, and saw 6 of its levels.
You also visited: Sewer.

You collected 278 gold pieces.

Inventory:

Hand Weapons
 a - a +0 long sword (weapon)
Armour
 b - a +1 scale mail
 c - a +0 chain mail (worn)
 d - a +0 buckler (worn)
 f - a +0 pair of boots (worn)
 g - a +0 cloak of stealth (worn)
 p - a -2 pair of gloves (worn)
Jewellery
 h - a ring of see invisible
 r - a +6 ring of intelligence
Scrolls
 i - a scroll of brand weapon
 j - a scroll of teleportation
 k - 2 scrolls of blinking {unknown}
 m - a scroll of torment
 n - a scroll of enchant weapon {unknown}
 q - a scroll of amnesia
Potions
 e - a potion of brilliance
 l - 2 potions of mutation
 o - 2 potions of might


   Skills:
 + Level 6.1 Fighting
 + Level 8.9 Long Blades
 + Level 7.8 Armour
 + Level 3.0 Dodging
 + Level 1.0 Stealth
 + Level 5.8 Shields


You had 7 spell levels left.
You didn't know any spells.
Your spell library contained the following spells:

 Spells                   Type           Power      Damage    Failure   Level
 Slow                     Hex            0%         N/A       99%         1
 Sting                    Conj/Alch      0%         1d3       99%         1
 Mercury Vapours          Alch/Air       0%         N/A       99%         2
 Confusing Touch          Hex            0%         N/A       100%        3
 Hailstorm                Conj/Ice       0%         3d5       100%        3
 Sigil of Binding         Hex            0%         N/A       100%        3
 Stone Arrow              Conj/Erth      0%         3d7       100%        3
 Summon Ice Beast         Ice/Summ       0%         N/A       100%        3
 Vampiric Draining        Necr           0%         2d6       100%        3
 Animate Armour           Summ/Erth      0%         N/A       100%        4
 Olgreb's Toxic Radiance  Alch           0%         N/A       100%        4
 Sculpt Simulacrum        Ice/Alch       0%         N/A       100%        6
 Lehudib's Crystal Spear  Conj/Erth      0%         10d2      100%        8


Dungeon Overview and Level Annotations

Branches:
Dungeon (6/15)              Sewer (visited)
 Temple: D:4-7

Altars:
Sif Muna

Shops:
D:4 !   D:5 [[[

Annotations:
D:5 2 transporters, 1 runed translucent door, Quickbrownfox's ghost, novice OpSh


Innate Abilities, Weirdness & Mutations

You have a pair of horns on your head.
You reflexively headbutt those who attack you in melee.


Message History

The troll closely misses you. x2; The troll barely misses you.
You barely miss the troll. You headbutt the troll.
The troll is moderately wounded.
The troll bites you! The troll closely misses you.
The troll claws you but does no damage.
You hit the troll.
The troll is moderately wounded.
The troll bites you but does no damage. The troll claws you.
The troll closely misses you.
You hit the troll.
The troll is heavily wounded.
You block the troll's attack. The troll claws you but does no damage.
The troll barely misses you.
You closely miss the troll. You headbutt the troll.
The troll is heavily wounded.
The troll bites you!
* * * LOW HITPOINT WARNING * * *
The troll claws you.
* * * LOW HITPOINT WARNING * * *
The troll claws you but does no damage.
You closely miss the troll. You headbutt the troll!
The troll is severely wounded.
The troll barely misses you. The troll closely misses you. The troll claws you!
* * * LOW HITPOINT WARNING * * *
Unknown command.
Okay, then.
You hit the troll but do no damage.
The troll is heavily wounded.
You block the troll's attack. The troll misses you.
The troll barely misses you.
Unknown command.
You hit the troll. You headbutt the troll.
The troll is severely wounded.
The troll bites you but does no damage. You block the troll's attack.
The troll claws you but does no damage.
Unknown command.
You hit the troll but do no damage. You headbutt the troll.
The troll is severely wounded.
The troll bites you!
You die...

.... #..# #.?# ... #..#
#.###.......
#..#####.##........
.....##.##........
#T##.##.##........
#@##.##.##.......
#.##.##.##.....
######.##.##.##..######
........$...............
..########.#####.###....
#.# #.# ## #.# #.# #.
.># #.######. ...#.##
#[##.....


You could see a troll.

Vanquished Creatures
  Sigmund (D:5)
  Duvessa (D:6)
  2 ogres (D:4)
  3 phantoms (D:5)
  3 kobold brigands
  3 scorpions
  A brain worm (Sewer)
  Dowan (D:6)
  A bombardier beetle (D:6)
  A jelly (D:6)
  5 hounds
  Jessica (D:3)
  2 iguanas
  4 gnolls (D:5)
  11 adders
  4 white imps
  4 ufetubi
  3 dart slugs
  2 ribbon worms
  9 orcs
  10 endoplasms
  3 giant cockroaches
  7 goblins
  9 hobgoblins
  2 jackals (D:1)
  3 quokkas
  11 ball pythons
  7 bats
  10 frilled lizards
  15 kobolds
  8 rats
  A spectral kobold (D:1)
148 creatures vanquished.

Notes
Turn   | Place    | Note
-------+----------+-------------------------------------------
     0 | D:1      | Peloso the Minotaur Fighter began the quest for the Orb.
     0 | D:1      | Reached XP level 1. HP: 19/19 MP: 0/0
   113 | D:1      | Found a faded altar of an unknown god.
   170 | D:1      | Reached XP level 2. HP: 25/27 MP: 1/1
   715 | D:1      | Reached XP level 3. HP: 31/33 MP: 2/2
  1068 | D:2      | Reached skill level 3 in Long Blades
  1349 | D:2      | Reached XP level 4. HP: 40/40 MP: 3/3
  1544 | D:3      | Reached skill level 4 in Long Blades
  1763 | D:3      | Noticed Jessica
  1778 | D:3      | Found a shimmering blue altar of Sif Muna.
  1812 | D:3      | Killed Jessica
  1923 | D:3      | Reached skill level 1 in Dodging
  1928 | D:3      | Reached XP level 5. HP: 46/47 MP: 4/4
  2048 | D:3      | Found a glowing drain.
  2058 | Sewer    | Entered a sewer
  2099 | Sewer    | Reached skill level 5 in Long Blades
  2409 | Sewer    | Reached XP level 6. HP: 31/53 MP: 5/5
  2874 | D:3      | Reached skill level 5 in Armour
  3135 | D:4      | Reached skill level 6 in Long Blades
  3275 | D:4      | Reached XP level 7. HP: 60/60 MP: 6/6
  3365 | D:4      | Reached skill level 5 in Fighting
  3399 | D:4      | Found Miros's Distillery.
  4186 | D:4      | Reached skill level 7 in Long Blades
  4497 | D:4      | Reached skill level 5 in Shields
  4952 | D:5      | Entered Level 5 of the Dungeon
  5095 | D:5      | Found a transporter.
  5097 | D:5      | Found Zeona's Armour Emporium.
  5114 | D:5      | Found Peunt's Antique Armour Emporium.
  5159 | D:5      | Reached XP level 8. HP: 55/69 MP: 7/7
  5289 | D:5      | Noticed Sigmund
  5412 | D:5      | Killed Sigmund
  5518 | D:5      | Reached skill level 8 in Long Blades
  5619 | D:5      | Found Zovin's Armour Boutique.
  5866 | D:5      | Found a transporter.
  5921 | D:5      | Reached skill level 1 in Stealth
  5965 | D:5      | Found a runed translucent door.
  5967 | D:5      | Noticed Quickbrownfox's ghost (novice OpSh)
  6199 | D:6      | Noticed Duvessa
  6222 | D:6      | Killed Duvessa
  6223 | D:6      | Noticed Dowan
  6364 | D:6      | Killed Dowan
  6584 | D:6      | Identified the +0 leather armour "Noim" {Rampage Will+
                  | Dex+3}
  6598 | D:6      | Noticed a troll
  6613 | D:6      | Slain by a troll

Illustrated notes

Levels and vault maps discovered:
D:1:      tarquinn_simple_flora_water_b, layout_basic,
          dreamdust_ecumenical_altar_drowned_temple, minmay_misc_feat_tower,
          minmay_quantized
D:2:      layout_basic
D:3:      layout_basic, tgw_sif, portal_sewer_entry_d, grunt_ministairs_10
D:4:      layout_layer_cave, serial_shops, nicolae_square_shop
D:5:      layout_loops_ring, ebering_ghost_inner_flame, serial_shops, shop,
          nicolae_shop_scrapyard, nicolae_shop_drivethru, minmay_misc_feat_chi,
          nicolae_figureground_pulse, uniq_sigmund
D:6:      layout_loops_ring, temple_pool_b, uniq_duvessa

Skill      XL: |  1  2  3  4  5  6  7  8 |
---------------+-------------------------+-----
Fighting       | 4 5 6 |  6.1
Shields        | 4 5 |  5.8
Armour         | 4 5 6 7 |  7.8
Long Blades    | 3 4 5 6 7 8 |  8.9
Dodging        | 1 2 3 |  3.0
Stealth        | 1 |  1.0

Action                     |  1- 3 |  4- 6 |  7- 9 || total
---------------------------+-------+-------+-------++-------
  Melee: Long sword        |    99 |   161 |   192 ||   452
         Headbutt          |    10 |    23 |    46 ||    79
    Use: Scroll            |     2 |     8 |     2 ||    12
         Potion            |     2 |     2 |       ||     4
 Armour: Scale mail        |    63 |   126 |     4 ||   193
         Chain mail        |       |       |   158 ||   158
  Dodge: Dodged            |    58 |    84 |    92 ||   234
  Block: Buckler           |    29 |    47 |    58 ||   134
